 Dungeon Crawl Stone Soup version 0.23.2 (webtiles) character file.

Game seed: 2770675058455307944

8153 Leeroy the Carver (level 11, -2/136 HPs)
             Began as a Green Draconian Conjurer on Apr 13, 2019.
             Was a Believer of Vehumet.
             Slain by a white ugly thing (27 damage)
             ... on level 11 of the Dungeon.
             The game lasted 01:02:03 (11373 turns).

Leeroy the Carver (Green Draconian Conjurer)       Turns: 11373, Time: 01:02:04

Health: -2/136     AC: 25    Str: 10    XL:     11   Next: 6%
Magic:  7/19       EV:  2    Int: 20    God:    Vehumet [**....]
Gold:   508        SH:  0    Dex: 11    Spells: 4/21 levels left

rFire    . . .     SeeInvis .   q - +1 short sword (protect)
rCold    . . .     Gourm    .   (no shield)
rNeg     + + +     Faith    .   (armour unavailable)
rPois    +         Spirit   .   (helmet currently unavailable)
rElec    .         Reflect  .   (cloak currently unavailable)
rCorr    +         Harm     .   (gloves currently unavailable)
MR       .....     NoTele   +   (boots currently unavailable)
Stlth    ++........             y - amulet of magic regeneration
HPRegen  0.32/turn              d - +1 ring of evasion
MPRegen  0.41/turn              X - ring of resist corrosion

@: tree-form, studying Polearms
A: (breathe noxious fumes), unfitting armour, AC +7
a: Renounce Religion


You were on level 11 of the Dungeon.
You worshipped Vehumet.
Vehumet was pleased with you.
You were near starving.
You were a tree.
You visited 2 branches of the dungeon, and saw 12 of its levels.

You collected 604 gold pieces.
You spent 96 gold pieces at shops.

Inventory:

Hand Weapons
 l - a +0 scimitar
 o - the +1 spear of Jyloa {pain, +Rage +Inv MR- Str+7}
   (You found it on level 9 of the Dungeon)

   In the hands of one skilled in necromantic magic, it inflicts extra damage on
   living creatures.
   It affects your strength (+7).
   It affects your resistance to hostile enchantments.
   It lets you turn invisible.
   It lets you go berserk.
 q - a +1 short sword of protection (weapon)
 t - a +0 rapier
 E - a +1 trident of freezing
 G - a +2 mace of crushing
 Q - a +2 war axe of flaming
 T - the +6 broad axe "Neuv" {venom, rElec}
   (You found it on level 7 of the Dungeon)

   It poisons the flesh of those it strikes.
   It insulates you from electricity.
 U - a +2 dagger of electrocution
 Z - a +5 antimagic falchion
Missiles
 e - a throwing net
 i - 218 arrows
 k - 342 stones
 r - 8 needles of paralysis
 x - 21 tomahawks (quivered)
 K - 36 poisoned needles
Armour
 f - a +1 pair of boots
 u - a +0 shield
 v - a +2 pair of boots (melded)
 B - a +0 cloak (melded)
 D - a scarf of resistance
 L - a +0 pair of gloves (melded)
Jewellery
 d - a +1 ring of evasion (left branch)
 y - an amulet of magic regeneration (around neck)
 H - an uncursed ring of protection from magic
 M - an uncursed amulet of the acrobat
 N - an uncursed ring of flight
 R - an uncursed ring of ice
 X - a ring of resist corrosion (right branch)
Wands
 c - a wand of digging (7)
 W - a wand of random effects (9)
 Y - a wand of flame (16)
Scrolls
 a - 2 scrolls of enchant weapon
 g - 7 scrolls of teleportation
 h - 2 scrolls of immolation
 j - a scroll of identify
 n - a scroll of amnesia
 p - a scroll of magic mapping
 s - 3 scrolls of remove curse
Potions
 m - 2 potions of brilliance
 z - a potion of agility
 A - a potion of cancellation {unknown}
 C - 3 potions of lignification
 I - 4 potions of flight
 O - a potion of magic
 P - a potion of ambrosia {unknown}
 S - 2 potions of curing
Books
 w - a manual of Polearms
Comestibles
 b - 25 rations


   Skills:
 - Level 6.4 Fighting
 - Level 2.0(6.0) Short Blades
 + Level 9.0(9.2) Long Blades
 - Level 7.2 Dodging
 - Level 1.7 Stealth
 - Level 5.5 Spellcasting
 - Level 8.0 Conjurations
 - Level 5.1 Hexes


You had 4 spell levels left.
You knew the following spells:

 Your Spells              Type           Power        Failure   Level  Hunger
a - Conjure Flame         Conj/Fire      ###.....     6%          3    ##.....
b - Searing Ray           Conj           #####.       1%          2    None
c - Dazzling Spray        Conj/Hex       ####..       2%          3    ##.....
d - Iskenderun's Mystic   Conj           #####...     4%          4    ####...
e - Fulminant Prism       Conj/Hex       ####......   8%          4    ####...
f - Sandblast             Erth           #.....       11%         1    None

Your spell library contained the following spells:

 Spells                   Type           Power        Failure   Level  Hunger
 Flame Tongue             Conj/Fire      ###..        2%          1    None
 Confusing Touch          Hex            ####..       1%          1    None
 Magic Dart               Conj           ####         1%          1    None
 Slow                     Hex            ####....     1%          2    None
 Animate Skeleton         Necr           N/A          11%         1    None
 Apportation              Tloc           #.....       11%         1    None
 Summon Small Mammal      Summ           #...         11%         1    None
 Mephitic Cloud           Conj/Pois/Air  ###.....     11%         3    ##.....
 Blink                    Tloc           N/A          17%         2    None
 Call Imp                 Summ           #.......     17%         2    None
 Force Lance              Conj/Tloc      ###.....     22%         4    ####...


Dungeon Overview and Level Annotations

Branches:
Dungeon (11/15)            Temple (1/1) D:7
   Lair: D:8-11         Orc: D:9-12

Altars:
Fedhas
Kikubaaqudgha
Makhleb
Nemelex Xobeh
Qazlal
Trog
Uskayaw
Vehumet
Yredelemnul

Shops:
D:5 !   D:6 %

Annotations:
D:3 2 transporters, ABBCCCDDDD's ghost, amateur SpAr
D:6 4 runed translucent doors, Crazy Yiuf; Kairos's ghost, novice FoAK


Innate Abilities, Weirdness & Mutations

((You can breathe blasts of noxious fumes.))
((Your lurid green scales are hard. (AC +7)))
You cannot fit into any form of body armour.
((Your system is resistant to poisons. (rPois)))
((You are cold-blooded and may be slowed by cold attacks.))


Message History

Okay, then.
Casting: Iskenderun's Mystic Blast (safe; 4% risk of failure)
Confirm with . or Enter, or press ? or * to list all spells.
Aiming: Searing Ray (safe; 1% risk of failure)
Press: ? - help, Shift-Dir - straight line, f - centaur warrior, p - white ugly thing
Aim: a centaur warrior, wielding a +0 shortbow The searing ray misses the white ugly thing.
The searing ray hits the two-headed ogre.
The two-headed ogre is lightly wounded. (Press . to maintain the ray.)
The white ugly thing stings you but does no damage.
The searing ray hits the white ugly thing!
The white ugly thing is lightly wounded.
The white ugly thing stings you but does no damage.
The searing ray hits the white ugly thing!
The white ugly thing is moderately wounded.
The white ugly thing stings you.
* * * LOW HITPOINT WARNING * * *
The white ugly thing freezes you!!
You die...

#.# #. #.# .. #. ##.## ##.###.
####. #######...# ...... .....
#.........### #....# ##..
...)......># #....# ##...
#.......# #####...# ##....
#.....u.###......####.....
#.#####.....cOu♣..........'.....
.#.u.#(...a.#####..#...####.....
#.# #.#.#.### #.....## #PP...
#...##.....# ##.#### #P.... ##.#
#..##(# #.# #..... #...#.###O#
#.# #...P+ # #.#.###.# #.#
#####. #...O.O.# #.# . #.#u##.##
#..


You could see 2 ugly things, a centaur warrior, a two-headed ogre and a worker
ant.

Vanquished Creatures
  Erolcha (D:9)
  A two-headed ogre (D:9)
  A cyclops (D:7)
  2 slime creatures (D:9)
  2 hippogriffs
  Prince Ribbit (D:5)
  A spriggan (D:8)
  Sigmund (D:6)
  A shadow (D:7)
  A wyvern (D:9)
  A steam dragon (D:9)
  Eustachio (D:6)
  A hungry ghost (D:8)
  A soldier ant (D:9)
  2 water moccasins (D:7)
  4 sky beasts
  An orc warrior (D:7)
  2 ice beasts
  A black bear (D:8)
  A necrophage (D:7)
  An eye of draining (D:10)
  4 ogres
  6 centaurs
  6 bullfrogs
  A water moccasin zombie (D:7)
  5 scorpions
  5 howler monkeys
  3 bullfrog zombies
  4 crimson imps
  A quasit (D:9)
  2 centaur skeletons
  4 jellies
  5 orc priests
  5 hounds
  9 orc wizards
  Natasha (thrice) (D:3)
  4 bullfrog skeletons
  2 iguanas
  8 worker ants
  A mummy (D:11)
  8 adders
  2 howler monkey skeletons
  An adder skeleton (D:9)
  5 worms
  A dart slug (D:1)
  6 leopard geckos
  40 orcs
  8 giant cockroaches
  8 hobgoblins
  7 jackals
  6 quokkas
  A ball python (D:2)
  4 bats
  8 frilled lizards
  5 goblins
  5 kobolds
  2 quokka skeletons
  8 rats
231 creatures vanquished.

Vanquished Creatures (others)
  A shadow imp (D:9)
  20 fulminant prisms
21 creatures vanquished.

Grand Total: 252 creatures vanquished

Notes
Turn   | Place    | Note
-------+----------+-------------------------------------------
     0 | D:1      | Leeroy the Draconian Conjurer began the quest for the Orb.
     0 | D:1      | Reached XP level 1. HP: 14/14 MP: 3/3
   172 | D:1      | Reached XP level 2. HP: 11/20 MP: 5/5
   178 | D:1      | Learned a level 2 spell: Searing Ray
   687 | D:2      | Found a stormy altar of Qazlal.
   855 | D:2      | Reached XP level 3. HP: 26/26 MP: 4/6
   860 | D:2      | Learned a level 3 spell: Dazzling Spray
  1502 | D:3      | Noticed Natasha
  1523 | D:3      | Killed Natasha
  1523 | D:3      | Reached XP level 4. HP: 23/33 MP: 1/8
  1589 | D:3      | Noticed Natasha
  1602 | D:3      | Reached skill level 1 in Short Blades
  1602 | D:3      | Reached skill level 5 in Conjurations
  1626 | D:3      | Found a transporter.
  1626 | D:3      | Found a transporter.
  1630 | D:3      | Killed Natasha
  1861 | D:2      | Reached XP level 5. HP: 28/38 MP: 0/9
  2045 | D:2      | Learned a level 4 spell: Iskenderun's Mystic Blast
  2251 | D:3      | Noticed ABBCCCDDDD's ghost (amateur SpAr)
  2251 | D:3      | Noticed an ogre
  2252 | D:3      | Noticed an ogre
  2468 | D:3      | Reached skill level 1 in Fighting
  2678 | D:3      | Noticed Natasha
  2686 | D:3      | Killed Natasha
  2718 | D:4      | Reached XP level 6. HP: 36/48 MP: 3/10
  3016 | D:4      | Found a sparkling altar of Nemelex Xobeh.
  3657 | D:4      | Your scales start taking on a lurid green colour.
  3657 | D:4      | Reached XP level 7. HP: 53/57 MP: 1/11
  3657 | D:4      | Gained mutation: Your system is resistant to poisons.
                  | (rPois) [Green Draconian growth]
  3814 | D:5      | Entered Level 5 of the Dungeon
  4046 | D:5      | Reached skill level 5 in Fighting
  4308 | D:5      | Found Exzetut's Distillery.
  4329 | D:5      | Bought a potion of magic for 96 gold pieces
  4579 | D:4      | Reached XP level 8. HP: 24/71 MP: 2/12
  4900 | D:5      | Noticed Prince Ribbit
  4927 | D:5      | Killed Prince Ribbit
  5042 | D:6      | Found a runed translucent gate.
  5057 | D:6      | Found a runed translucent gate.
  5069 | D:6      | Found a runed translucent gate.
  5078 | D:6      | Reached skill level 5 in Dodging
  5133 | D:6      | Found a basalt altar of Yredelemnul.
  5293 | D:6      | Found a runed translucent door.
  5294 | D:6      | Noticed Crazy Yiuf
  5391 | D:6      | Found Veonil's Food Emporium.
  5449 | D:6      | Noticed Sigmund
  5494 | D:6      | Killed Sigmund
  5494 | D:6      | Reached XP level 9. HP: 73/78 MP: 7/13
  5500 | D:6      | Learned a level 4 spell: Fulminant Prism
  5546 | D:6      | Noticed Kairos's ghost (novice FoAK)
  5709 | D:6      | Noticed Eustachio
  5779 | D:6      | Killed Eustachio
  6044 | D:6      | Found a blossoming altar of Fedhas.
  6195 | D:7      | Reached skill level 1 in Long Blades
  6238 | D:7      | Reached skill level 2 in Long Blades
  6260 | D:7      | Found a staircase to the Ecumenical Temple.
  6289 | Temple   | Entered the Ecumenical Temple
  6296 | Temple   | Became a worshipper of Vehumet
  6334 | D:7      | Reached skill level 3 in Long Blades
  6386 | D:7      | Reached skill level 4 in Long Blades
  6425 | D:7      | Noticed a cyclops
  7110 | D:8      | Reached skill level 5 in Long Blades
  7289 | D:8      | Reached skill level 6 in Long Blades
  7606 | D:8      | Reached skill level 7 in Long Blades
  7840 | D:9      | Got a shimmering spear
  7841 | D:9      | Identified the cursed +1 spear of Jyloa {pain, +Rage +Inv
                  | MR- Str+7} (You found it on level 9 of the Dungeon)
  7911 | D:9      | Reached XP level 10. HP: 33/84 MP: 14/14
  8120 | D:7      | Got a crystal broad axe
  8121 | D:7      | Identified the +6 broad axe "Neuv" {venom, rElec} (You
                  | found it on level 7 of the Dungeon)
  8156 | D:7      | Reached * piety under Vehumet
  8156 | D:7      | Offered knowledge of Sandblast by Vehumet.
  8162 | D:7      | Reached skill level 8 in Long Blades
  8590 | D:8      | Learned a level 1 spell: Sandblast
  8796 | D:7      | Killed a cyclops
  9030 | D:9      | Reached skill level 5 in Hexes
  9520 | D:10     | Entered Level 10 of the Dungeon
  9567 | D:10     | Reached ** piety under Vehumet
  9761 | D:9      | Offered knowledge of Flame Tongue by Vehumet.
 10148 | D:10     | Noticed Erolcha
 10152 | D:10     | Noticed a two-headed ogre
 10463 | D:9      | Killed Erolcha
 10463 | D:9      | Reached skill level 5 in Spellcasting
 10647 | D:9      | Killed a two-headed ogre
 10680 | D:9      | Reached XP level 11. HP: 67/91 MP: 19/19
 10685 | D:9      | Learned a level 3 spell: Conjure Flame
 11282 | D:11     | Reached skill level 9 in Long Blades
 11312 | D:11     | Noticed a red ugly thing
 11316 | D:11     | Noticed a centaur warrior
 11347 | D:11     | Noticed a two-headed ogre
 11350 | D:11     | Noticed a white ugly thing
 11352 | D:11     | Noticed a brown ugly thing
 11373 | D:11     | Slain by a white ugly thing

Skill      XL: |  1  2  3  4  5  6  7  8  9 10 11 |
---------------+----------------------------------+-----
Spellcasting   | 3 5 |  5.5
Short Blades   | 1 2 |  2.0
Conjurations   | 5 6 7 8 |  8.0
Fighting       | 1 3 6 |  6.4
Dodging        | 2 7 |  7.2
Hexes          | 2 5 |  5.1
Long Blades    | 7 8 9 |  9.0
Stealth        | |  1.7

Action                   |  1- 3 |  4- 6 |  7- 9 | 10-12 || total
-------------------------+-------+-------+-------+-------++-------
Melee: Short sword       |    46 |       |       |     4 ||    50
       Hand axe          |    13 |       |       |       ||    13
       Tailslap          |    11 |     9 |    52 |    18 ||    90
       Rapier            |    45 |   155 |   296 |       ||   496
       Falchion          |       |       |    98 |       ||    98
       War axe           |       |       |    47 |    50 ||    97
       Dagger            |       |       |    20 |   125 ||   145
       Broad axe         |       |       |       |    31 ||    31
       Scimitar          |       |       |       |    22 ||    22
Throw: Tomahawk          |       |     1 |     3 |     1 ||     5
 Cast: Magic Dart        |    14 |     7 |     4 |       ||    25
       Searing Ray       |     5 |    17 |     8 |     3 ||    33
       Dazzling Spray    |       |     4 |    18 |    10 ||    32
       Iskenderun's Myst |       |     1 |     9 |    30 ||    40
       Fulminant Prism   |       |       |     7 |    13 ||    20
       Sandblast         |       |       |       |     4 ||     4
       Conjure Flame     |       |       |       |     2 ||     2
 Abil: Breathe Noxious F |       |       |     1 |       ||     1
Evoke: Wand              |       |       |       |     2 ||     2
  Use: Potion            |       |       |     4 |     8 ||    12
       Scroll            |       |       |    10 |    12 ||    22
 Stab: Sleeping          |     3 |     1 |       |     1 ||     5
       Invisible         |       |     1 |     4 |     3 ||     8
       Distracted        |       |       |     1 |       ||     1
  Eat: Chunk             |     2 |     8 |    18 |    18 ||    46
       Ration            |       |       |     1 |       ||     1
Armor: Skin              |    67 |    80 |   219 |   147 ||   513
Dodge: Dodged            |   100 |   135 |   417 |   337 ||   989
       Rpst.: Falchion   |       |       |    30 |       ||    30
       Scimitar          |       |       |       |    15 ||    15
